[Event "*** Titled Tuesday Blitz"]
[Site "Chess.com"]
[Date "2019.03.05"]
[Round "4"]
[White "fm_magua"]
[Black "chess_brilliant"]
[Result "0-1"]
[WhiteElo "2466"]
[BlackElo "2491"]
[TimeControl "180+2"]
[EndTime "13:55:29 PST"]
[Termination "chess_brilliant won by resignation"]

1. e4 e6 2. d3 d5 3. Nd2 c5 4.
g3 g6 5. Bg2 Bg7 6. Ngf3 Ne7 7.
O-O O-O 8. Re1 Nbc6 9. e5 b6 10.
Qe2 Ba6 11. Nf1 Qc8 12. Bf4 c4 13. Ne3 cxd3 14. cxd3 Nb4 15. Rac1 Qd7 16. Red1 Nxa2 17. Ra1 Nb4 18. Qd2 Nec6 19. Nc2 Nxc2 20. Rxa6 N2b4 21.
Raa1 a5 22. Bh6 f6 23. Bxg7 Kxg7 24. exf6+ Rxf6 25. Qg5 Raf8 26. Ne5 Nxe5 27. Qxe5 Nc6 28. Qc3 e5 29. Rac1 Nd4 30. Qc7 Qxc7 31. Rxc7+ Kh8 32. Bxd5 Rxf2 33. Re1 Ne2+ 34. Kh1 Rf1+ 35. Rxf1 Rxf1+ 36. Kg2 Rb1 37. Kf3 Nd4+ 38. Kg4 h6 39. Re7 Rxb2 40. Rxe5 a4 41. Re4 Rb4 42. Bc4 Nf5 43. Re5 b5 44. Rxb5 Rxb5 45. Bxb5 a3 46. Bc4 Ne3+ 0-1

[Event "*** Titled Tuesday Blitz"]
[Site "Chess.com"]
[Date "2019.03.05"]
[Round "4"]
[White "fyall777"]
[Black "ASVZ"]
[Result "0-1"]
[WhiteElo "2315"]
[BlackElo "2409"]
[TimeControl "180+2"]
[EndTime "13:55:31 PST"]
[Termination "ASVZ won by checkmate"]

1. d4 e6 2. e4 d5 3. exd5 exd5 4. Nf3 Nc6 5. h3 Bd6 6. c4 Bf5 7. c5 Be7 8. Bb5 Bf6 9. Bxc6+ bxc6 10. O-O Ne7 11.
Nc3 O-O 12. Bg5 Bxg5 13. Nxg5 h6 14. Nf3 Ng6 15. Qd2 Qd7 16. Rfe1 Rfe8 17. b4 Bxh3 18. gxh3 Qxh3 19. Re3 Qg4+ 20. Kh1 a5 21. bxa5 Kh7 22.
Rg1 Qh5+ 23. Nh2 Rxe3 24. Qxe3 Rxa5 25. a4 Qf5 26. Qf3 Qc2 27. Qxf7 Ra8 28. Qxg6+ Qxg6 29. Rxg6 Kxg6 30. Ng4 Kf5 31. Ne5 Rb8 32. Nxc6 Rb3 33. Nxd5 Ke4 34. Nxc7 Kf3 35. d5 Kxf2 36. Kh2 g5 37. Nd4 Rd3 38. Nce6 g4 39. Nf5 Rh3# 0-1

[Event "*** Titled Tuesday Blitz"]
[Site "Chess.com"]
[Date "2019.03.05"]
[Round "4"]
[White "017290"]
[Black "GremioPrudente"]
[Result "0-1"]
[WhiteElo "2118"]
[BlackElo "2072"]
[TimeControl "180+2"]
[EndTime "13:55:34 PST"]
[Termination "GremioPrudente won by checkmate"]

1. e4 e6 2. d4 d5 3. Nc3 Nf6 4. Bg5 Be7 5. e5 Nfd7 6. h4 Bxg5 7. hxg5 Qxg5 8. Nh3 Qe7 9. f4 Nc6 10. Ng5 h6 11. Nf3 O-O 12. f5 f6 13. Nh4 Qf7 14. Qg4 fxe5 15. fxe6 Qf2+ 16. Kd1 Nf6 17. Qh3 Nxd4 18.
Bd3 Bxe6 19. Qh2 Bg4+ 20. Kc1 e4 21. Nd1 Bxd1 22. Rxd1 exd3 23. Rd2 Qe1+ 24. Rd1 d2+ 25. Kb1 Qxd1# 0-1

[Event "*** Titled Tuesday Blitz"]
[Site "Chess.com"]
[Date "2019.03.05"]
[Round "4"]
[White "RiskyDecision"]
[Black "alpasya2009"]
[Result "0-1"]
[WhiteElo "2455"]
[BlackElo "2548"]
[TimeControl "180+2"]
[EndTime "13:55:35 PST"]
[Termination "alpasya2009 won by resignation"]

1. d4 Nf6 2. c4 g6 3. g3 Bg7 4. Bg2 c6 5. e4 d6 6. Nc3 O-O 7. Nf3 Nbd7 8. O-O e5 9. h3 exd4 10. Nxd4 Re8 11. Re1 Nc5 12. Qc2 a5 13. Be3 a4 14.
Rad1 Nfd7 15. Bf1 Qa5 16. f4 a3 17. b3 Nb8 18. Bf2 Nba6 19. g4 Nb4 20. Qd2 Bd7 21. Re3 Rad8 22. Nf3 Bxc3 23. Qxc3 Nxe4 24. Rxe4 Rxe4 25.
Rxd6 Bxg4 26. Rxd8+ Qxd8 27. hxg4 Nxa2 28. Qa1 Rxf4 29.
Qxa2 Rxf3 30. Qxa3 Qd2 31. Qc5 Rf4 32. Bh3 Qd1+ 33.
Kh2 Qf3 34. Bg2 Qxf2 35. Qe7 Rxg4 36. Qe8+ Kg7 37. Qe5+ Kh6 0-1

[Event "*** Titled Tuesday Blitz"]
[Site "Chess.com"]
[Date "2019.03.05"]
[Round "4"]
[White "GianmarcoVaR"]
[Black "gmjlh"]
[Result "0-1"]
[WhiteElo "2482"]
[BlackElo "2717"]
[TimeControl "180+2"]
[EndTime "13:55:36 PST"]
[Termination "gmjlh won by resignation"]

1. d4 Nf6 2. c4 e6 3. g3 Bb4+ 4. Bd2 Qe7 5. Bg2 O-O 6. Nf3 Bxd2+ 7. Qxd2 Ne4 8. Qc2 Qb4+ 9. Nbd2 Nxd2 10. Nxd2 Nc6 11.
e3 e5 12. a3 Qe7 13. dxe5 Nxe5 14. O-O d6 15. b4 c6 16. h3 Bd7 17. Kh2 Rad8 18.
Qc3 Bc8 19. Rac1 h5 20. h4 g5 21. hxg5 Qxg5 22. Nf3 Nxf3+ 23. Bxf3 Bg4 24. Bxg4 hxg4 25. Rcd1 f6 26. Kg2 Kf7 27. Rh1 Qf5 28. Rdg1 Qf3+ 29. Kf1 Rh8 30. Rxh8 Rxh8 31. Ke1 Rh2 32. Rf1 Qe4 33. Qd2 Ke6 34. Qd3 Qxd3 0-1

[Event "*** Titled Tuesday Blitz"]
[Site "Chess.com"]
[Date "2019.03.05"]
[Round "4"]
[White "StanislavNovikov"]
[Black "731291"]
[Result "0-1"]
[WhiteElo "2650"]
[BlackElo "2686"]
[TimeControl "180+2"]
[EndTime "13:55:37 PST"]
[Termination "731291 won by resignation"]

1. e4 e6 2. Qe2 d5 3. d3 Nf6 4. Nf3 Be7 5. g3 c5 6. Bg2 Nc6 7. O-O b6 8. Re1 Bb7 9. Nbd2 Qc7 10. c3 h6 11. e5 Nd7 12. d4 cxd4 13. cxd4 Nb4 14. Nf1 Ba6 15. Qd1 Nc2 16. Bd2 Nxa1 17. Qxa1 O-O 18. Ne3 Rac8 19. Qd1 Bd3 20. h4 Be4 21.
Nh2 Bxg2 22. Kxg2 f5 23. exf6 Nxf6 24. Neg4 Ne4 25. Nxh6+ gxh6 26. Qg4+ Kh8 27. Rxe4 dxe4 28. Bxh6 Bf6 29. Bxf8 Rxf8 30. Qxe4 Qd6 31. Nf3 Qd5 32. Qg4 Qf5 0-1

[Event "*** Titled Tuesday Blitz"]
[Site "Chess.com"]
[Date "2019.03.05"]
[Round "4"]
[White "FrenchandSlav"]
[Black "GameOverBro"]
[Result "1-0"]
[WhiteElo "2284"]
[BlackElo "2400"]
[TimeControl "180+2"]
[EndTime "13:55:37 PST"]
[Termination "FrenchandSlav won by checkmate"]

1. d4 d6 2. c4 Nf6 3. Nc3 Nbd7 4. e4 e5 5. Nf3 Be7 6. Be2 c6 7. O-O a6 8. Re1 O-O 9. d5 Nc5 10. Bf1 a5 11. Qc2 Bd7 12. b3 Qc7 13. a3 cxd5 14.
exd5 g6 15. Bg5 Bf5 16. Qb2 Nfe4 17. Bh6 Rfe8 18. Nb5 Qd7 19. b4 axb4 20. axb4 Rxa1 21. Rxa1 Na6 22. Be3 Rc8 23. Nd2 Nxd2 24. Qxd2 h5 25. Rc1 Be4 26. f3 Bf5 27. c5 Bf8 28. c6 bxc6 29. Na7 Rc7 30. Bxa6 Rxa7 31. dxc6 Qc7 32. b5 Ra8 33. b6 Qe7 34. b7 Rxa6 35. b8=Q d5 36. Bh6 Kh7 37. Qxf8 Qa7+ 38. Kh1 f6 39. c7 Bc2 40. Qg7# 1-0

[Event "*** Titled Tuesday Blitz"]
[Site "Chess.com"]
[Date "2019.03.05"]
[Round "4"]
[White "BlueWizzard"]
[Black "wonderfultime"]
[Result "1-0"]
[WhiteElo "2689"]
[BlackElo "2908"]
[TimeControl "180+2"]
[EndTime "13:55:38 PST"]
[Termination "BlueWizzard won by resignation"]

1. Nf3 Nf6 2. e3 d5 3. d4 c6 4. Be2 Bf5 5. Nh4 Be4 6. Nd2 e6 7. O-O Nbd7 8. c4 Bd6 9. Qb3 Rb8 10. f3 Bg6 11. g3 O-O 12. Nxg6 hxg6 13. a4 c5 14. cxd5 exd5 15. Rd1 Re8 16. Nf1 Nf8 17. dxc5 Bxc5 18. Kg2 Qe7 19. Bd2 a6 20. Rac1 Rbc8 21. Bc3 N8d7 22. Qxb7 Bxe3 23. Bxf6 Bxc1 24. Bxe7 Nf8 25.
Bxa6 Rc2+ 26. Kh1 Ne6 27. Bd3 Rc7 28. Qb5 Rexe7 29. a5 Nd4 30. Qxd5 Ne6 31. Bb5 Bxb2 32. a6 Ba3 33. Qa8+ Kh7 34. Nd2 Bc5 35. Ne4 Be3 36. Qd5 f5 37. Nd6 Ng5 38. h4 Nh3 39.
Kg2 Nf2 40. Re1 Rc2 41. Re2 Rc5 42. Qb3 f4 43. gxf4 1-0

[Event "*** Titled Tuesday Blitz"]
[Site "Chess.com"]
[Date "2019.03.05"]
[Round "4"]
[White "DanielNaroditsky"]
[Black "severomorskij"]
[Result "1-0"]
[WhiteElo "2997"]
[BlackElo "2709"]
[TimeControl "180+2"]
[EndTime "13:55:39 PST"]
[Termination "DanielNaroditsky won by resignation"]

1. d4 Nf6 2. Nc3 d5 3. Bf4 e6 4. Nb5 Na6 5. e3 c6 6. Nc3 Bd6 7. Bg3 O-O 8. Bd3 Nb4 9. Nf3 Nxd3+ 10. cxd3 b6 11. O-O Bb7 12. Rc1 h6 13. Ne5 Rc8 14. f4 Be7 15. f5 exf5 16. Rxf5 c5 17. Qf3 cxd4 18. exd4 b5 19. Rf1 b4 20. Nd1 Rc2 21. Bh4 a5 22. Ne3 Rxb2 23. Bxf6 Bxf6 24. N3g4 Bxe5 25. Nxe5 f6 26. Ng6 Re8 27. Qg3 Rxa2 28. Rxf6 gxf6 29. Ne5+ Kf8 30. Qg6 Rxe5 31. Rxf6+ Qxf6 32. Qxf6+ Ke8 33. dxe5 d4 34. Qe6+ Kd8 35. Qxa2 1-0

[Event "*** Titled Tuesday Blitz"]
[Site "Chess.com"]
[Date "2019.03.05"]
[Round "4"]
[White "GeorgMeier"]
[Black "therealtrader"]
[Result "1-0"]
[WhiteElo "2836"]
[BlackElo "2663"]
[TimeControl "180+2"]
[EndTime "13:55:39 PST"]
[Termination "GeorgMeier won by resignation"]

1. Nf3 Nf6 2. g3 e6 3. Bg2 d5 4. O-O Be7 5. c4 O-O 6. d4 b6 7. cxd5 exd5 8. Nc3 Bb7 9. a3 Nbd7 10. b4 a6 11. Bb2 Bd6 12. Qb3 Re8 13. Rfc1 b5 14.
a4 c6 15. a5 Qe7 16. Ba3 Nf8 17. e3 h5 18. Ne2 Ne4 19. Ne5 Bxe5 20. dxe5 Qxe5 21.
Bb2 Qf5 22. f3 Ng5 23. Nd4 Qg6 24. Kf2 Re7 25. h4 Ngh7 26. Qc2 Rae8 27. Ra3 Qd6 28. Nf5 Qxb4 29. Nxg7 Rd8 30. Nf5 Re6 31. Rb3 Qxa5 32. Rd3 Qb4 33. Rd4 Qa5 34. g4 c5 35.
Qxc5 Qb6 36. Qxb6 Rxb6 37. Ne7+ Kg7 38. Rxd5+ f6 39. Rxd8 Kf7 40. Nc8 Re6 41. Nd6+ Ke7 42. Nxb7 1-0

[Event "*** Titled Tuesday Blitz"]
[Site "Chess.com"]
[Date "2019.03.05"]
[Round "4"]
[White "Jospem"]
[Black "vovachesss"]
[Result "1-0"]
[WhiteElo "2873"]
[BlackElo "2600"]
[TimeControl "180+2"]
[EndTime "13:55:42 PST"]
[Termination "Jospem won by resignation"]

1. e4 e5 2. Nf3 d5 3. exd5 e4 4. Qe2 Nf6 5. Nc3 Be7 6. Nxe4 O-O 7. d3 Qxd5 8. g3 Nc6 9. Bg2 Bg4 10. h3 Bf5 11.
Nc3 Bb4 12. O-O Qa5 13. Bd2 Rfe8 14. Qd1 Qb6 15. a3 Bd6 16. b4 Rad8 17. Bg5 Be7 18.
Na4 Qa6 19. Nc3 Qb6 20. Be3 Qa6 21. b5 Qa5 22. bxc6 Qxc3 23. cxb7 Bd6 24. Rb1 Qxa3 25.
Nd4 Bd7 26. Nc6 Bxc6 27. Bxc6 Rf8 28. Qf3 Qc3 29. Bxa7 Nd7 30. Bxd7 Rxd7 31. b8=Q c5 32. Qb6 Qf6 33. Qbc6 Qe6 34. Rb7 Rxb7 35. Qxb7 Qxh3 36. Qbd5 Bxg3 37. Qxg3 1-0

[Event "*** Titled Tuesday Blitz"]
[Site "Chess.com"]
[Date "2019.03.05"]
[Round "4"]
[White "Korchmar_Vasiliy"]
[Black "joppie2"]
[Result "0-1"]
[WhiteElo "2742"]
[BlackElo "2775"]
[TimeControl "180+2"]
[EndTime "13:55:43 PST"]
[Termination "joppie2 won on time"]

1. d4 d5 2. c4 c6 3. Nf3 Nf6 4.
g3 g6 5. Bg2 Bg7 6. cxd5 cxd5 7. Nc3 O-O 8. Ne5 e6 9. O-O Nfd7 10. Nf3 Nc6 11. Bg5 Qb6 12. Na4 Qa6 13. Rc1 h6 14.
Bf4 Nb6 15. Nxb6 Qxb6 16. Qd2 Nxd4 17. Bxh6 Nxe2+ 18. Qxe2 Bxh6 19. Rc3 Bg7 20. Rb3 Qc7 21. h4 e5 22. h5 e4 23. Nh2 Be6 24. hxg6 fxg6 25. Ng4 Qd7 26. Bh3 d4 27. Qxe4 Rae8 28. Rxb7 Bxg4 29. Bxg4 Rxe4 0-1

[Event "*** Titled Tuesday Blitz"]
[Site "Chess.com"]
[Date "2019.03.05"]
[Round "4"]
[White "MITerryble"]
[Black "Koksik_13"]
[Result "1-0"]
[WhiteElo "2807"]
[BlackElo "2636"]
[TimeControl "180+2"]
[EndTime "13:55:50 PST"]
[Termination "MITerryble won by resignation"]

1. d4 e6 2. Nf3 d5 3. c4 a6 4. e3 Nf6 5. b3 Be7 6. Bb2 O-O 7.
Bd3 c5 8. O-O cxd4 9. exd4 Nc6 10. a3 b6 11. Nbd2 Bb7 12. Re1 g6 13. Rc1 Rc8 14. c5 bxc5 15. dxc5 a5 16. Qe2 Nd7 17. Qe3 Bf6 18. Bxf6 Qxf6 19. Bb5 Rfe8 20. b4 axb4 21. axb4 e5 22. Qc3 e4 23. Qxf6 Nxf6 24. Bxc6 Bxc6 25. Nd4 Ba4 26. Ra1 Bd7 27. c6 Bf5 28. b5 Rb8 29. Ra6 Rec8 30. c7 Rxc7 31. Rxf6 Be6 32. f3 Rc3 33. fxe4 Rd3 34. N2f3 dxe4 35. Rxe4 Kg7 36. Rff4 Bd5 37. Re5 Rc8 38. Rxd5 Rc1+ 39. Kf2 f5 40. Nxf5+ 1-0

[Event "*** Titled Tuesday Blitz"]
[Site "Chess.com"]
[Date "2019.03.05"]
[Round "4"]
[White "Mostii"]
[Black "ChessWarrior7197"]
[Result "1-0"]
[WhiteElo "2466"]
[BlackElo "2835"]
[TimeControl "180+2"]
[EndTime "13:55:51 PST"]
[Termination "Mostii won by resignation"]

1. d4 Nf6 2. Nf3 e6 3. g3 b5 4. Bg2 Bb7 5. O-O Be7 6. b3 O-O 7. Bb2 d5 8. Nbd2 c5 9. a4 b4 10. dxc5 Bxc5 11. e3 Nc6 12. Ne5 Nxe5 13. Bxe5 Rc8 14.
e4 Nxe4 15. Nxe4 dxe4 16. Qg4 g6 17. Rad1 Qe7 18. Qf4 f6 19. Ba1 e5 20. Qd2 f5 21. Qd7 Rf7 22. Qxe7 Rxe7 23. Rfe1 Bb6 24. Rc1 Rec7 25. Bf1 Bd5 26. Ba6 Re8 27. Red1 Bf7 28. Kf1 e3 29. fxe3 Bxe3 30. Bb5 Bxc1 31. Bxe8 Rxc2 32. Bxf7+ Kg7 33. Bc4 Rxh2 34. Bxe5+ Kh6 35. Rxc1 1-0

[Event "*** Titled Tuesday Blitz"]
[Site "Chess.com"]
[Date "2019.03.05"]
[Round "4"]
[White "TheBigBoss04"]
[Black "Caterpiller35"]
[Result "1-0"]
[WhiteElo "2551"]
[BlackElo "2332"]
[TimeControl "180+2"]
[EndTime "13:55:53 PST"]
[Termination "TheBigBoss04 won on time"]

1. d4 Nf6 2. Nf3 e6 3. Bg5 c5 4.
c3 b6 5. Nbd2 Bb7 6. e4 h6 7. Bxf6 Qxf6 8. e5 Qd8 9. Bd3 Nc6 10.
a3 d6 11. exd6 Qxd6 12. Ne4 Qf4 13. dxc5 O-O-O 14. Qe2 Ne5 15. Nxe5 Qxe5 16. Ba6 Bxc5 17. Bxb7+ Kxb7 18. b4 Bd6 19. Rd1 Kc7 20. f4 Qxf4 21. Rf1 Qh4+ 22. g3 Qh3 23. Rxf7+ Kb8 24. Qa6 Bc7 25. Rxd8+ Rxd8 26. Nc5 bxc5 27. Qb5+ Kc8 28. Qc6 1-0

[Event "*** Titled Tuesday Blitz"]
[Site "Chess.com"]
[Date "2019.03.05"]
[Round "4"]
[White "UCantHandleDenker"]
[Black "7Madman"]
[Result "0-1"]
[WhiteElo "2531"]
[BlackElo "2536"]
[TimeControl "180+2"]
[EndTime "13:56:00 PST"]
[Termination "7Madman won by checkmate"]

1. Nf3 Nf6 2. g3 e6 3. Bg2 d5 4. O-O Be7 5. d3 O-O 6. Nbd2 c5 7. e4 Nc6 8. Re1 b5 9. e5 Nd7 10. Nf1 a5 11. h4 b4 12. h5 a4 13.
h6 g6 14. N1h2 Ba6 15. Ng4 Rc8 16. Bf4 Nd4 17. Nxd4 cxd4 18. Nh2 Qc7 19. Rc1 Qb6 20. Nf3 b3 21. cxb3 axb3 22. Qxb3 Qxb3 23. axb3 Nc5 24.
Nxd4 Nxd3 25. Rxc8 Rxc8 26. Ra1 Nxf4 27. gxf4 Bd3 28.
Bf1 Bxf1 29. Kxf1 Bf8 30. Ke2 Bxh6 31. Kf3 Rb8 32. Ra4 Bf8 33. Kg2 h5 34. Ra6 Rb4 35.
Nc6 Rxb3 36. Ra8 Rxb2 37. Nd8 Rb4 38. Kf3 Rb3+ 39. Kg2 h4 40. Ra7 h3+ 41. Kh2 Rf3 42. Rxf7 Bh6 43. Rf6 Bxf4+ 44. Kh1 Rxf2 45. Nxe6 Rf1# 0-1

[Event "*** Titled Tuesday Blitz"]
[Site "Chess.com"]
[Date "2019.03.05"]
[Round "4"]
[White "raviteja81293"]
[Black "NoGalloNoParty"]
[Result "1/2-1/2"]
[WhiteElo "2557"]
[BlackElo "2343"]
[TimeControl "180+2"]
[EndTime "13:56:00 PST"]
[Termination "Game drawn by repetition"]

1. d4 Nf6 2. Nf3 g6 3. Nc3 d5 4. Bf4 Bg7 5. e3 O-O 6. Be2 c5 7.
dxc5 Na6 8. Bxa6 bxa6 9. O-O Qa5 10. Be5 Qxc5 11. Bxf6 Bxf6 12. Qxd5 Qxd5 13. Nxd5 Bxb2 14.
Nxe7+ Kg7 15. Rab1 Bf6 16. Nxc8 Rfxc8 17. Rfc1 Rc3 18. Kf1 Rac8 19. Ne1 Ra3 20. Rb7 Rxa2 21. Rxa7 a5 22. c4 a4 23. c5 Rd8 24. c6 a3 25.
c7 Rc8 26. Nc2 Rb2 27. Nxa3 Rb4 28. Nc4 Be7 29. Rc2 Bc5 30. Ra5 Rxc7 31. Nd2 Bb6 32. Rxc7 Bxc7 33. Ra2 Be5 34. g3 h5 35. h4 Bf6 36. Ke2 g5 37. hxg5 Bxg5 38. Nf3 Bf6 39. Ra5 h4 40. g4 Rxg4 41. Rf5 Kg6 42. Rb5 h3 43. Rb1 Ra4 44. Rh1 Ra2+ 45. Kd3 Rxf2 46. Rxh3 Rg2 47. Nd2 Bg5 48. Ne4 f5 49. Nxg5 Kxg5 50. Rf3 Kg4 51. Rf4+ Kg5 52. Rf3 Kg4 53.
Rf4+ Kg5 54. Rf3 Kg4 55. Rf4+ 1/2-1/2

[Event "*** Titled Tuesday Blitz"]
[Site "Chess.com"]
[Date "2019.03.05"]
[Round "4"]
[White "JSMastropiero"]
[Black "LaughingTiger"]
[Result "0-1"]
[WhiteElo "2242"]
[BlackElo "2157"]
[TimeControl "180+2"]
[EndTime "13:56:03 PST"]
[Termination "LaughingTiger won by checkmate"]

1. Nf3 Nf6 2. g3 g6 3. Bg2 Bg7 4. O-O O-O 5. d4 d6 6. a4 Nc6 7. d5 Nb8 8. Nd4 c6 9. dxc6 bxc6 10. Nxc6 Nxc6 11. Bxc6 Bh3 12. Bxa8 Qxa8 13. f3 Bxf1 14. Kxf1 Rb8 15. Nc3 Ng4 16. Kg1 Ne5 17. Qd5 Qxd5 18. Nxd5 e6 19. Ne3 Nc6 20. c3 Na5 21. Kf2 Nb3 22. Rb1 Nxc1 23. Rxc1 Rxb2 24. Nc4 Ra2 25.
Nxd6 Rxa4 26. f4 Bf8 27. Nb5 Bc5+ 28. Kf3 a6 29. Nc7 Bb6 30. Ne8 Ra3 31. Nf6+ Kg7 32.
Ne4 a5 33. e3 Rb3 34. Nd6 a4 35. Nc4 Bc5 36. Na5 Rb2 37. Nc4 Ra2 38. Rd1 a3 39.
Rd7 Rxh2 40. Ne5 a2 41. Rxf7+ Kg8 42. Rc7 a1=Q 43. Nd7 Qd1+ 44. Ke4 Qd5# 0-1

[Event "*** Titled Tuesday Blitz"]
[Site "Chess.com"]
[Date "2019.03.05"]
[Round "4"]
[White "senecacrane"]
[Black "JosefineHeinemann"]
[Result "0-1"]
[WhiteElo "2299"]
[BlackElo "2396"]
[TimeControl "180+2"]
[EndTime "13:56:05 PST"]
[Termination "JosefineHeinemann won by checkmate"]

1. Nf3 c5 2. e3 g6 3. d4 Bg7 4. d5 d6 5. c4 Nf6 6. Nc3 O-O 7. Be2 e6 8. O-O exd5 9. cxd5 a6 10. a4 Re8 11.
Nd2 Nbd7 12. e4 Rb8 13. a5 Qc7 14. Nc4 Nxe4 15. Nxe4 Rxe4 16. Bd3 Re8 17. Re1 Nf6 18. Rxe8+ Nxe8 19. Bg5 Bd7 20. Qf3 h6 21. Bh4 Bb5 22.
Re1 Bxc4 23. Bxc4 Qxa5 24. Re7 Qa1+ 25. Bf1 Qxb2 26. Qxf7+ Kh7 27. Re6 Qc2 28. Rxe8 Rxe8 29. Qxe8 a5 30. Qd7 Qc3 31. Qxb7 a4 32. Qb1 a3 33.
Bd3 Bd4 34. Bxg6+ Kg7 35. Bh7 Kh8 36. Be4 Qb2 37. Qxb2 Bxb2 38. Bb1 c4 39. Bg3 c3 40. Bxd6 c2 41. Bxc2 a2 42. g3 a1=Q+ 43. Kg2 Qc1 44. Be4 Bd4 45. g4 Qe1 46. Bf5 Qxf2+ 47. Kh3 Qf3+ 48. Kh4 Qxd5 49. Bf4 Bg7 50. h3 Qf3 51.
Bc7 Bf6+ 52. Kh5 Qxh3+ 53. Kg6 Bg7 54. Bd8 Qe3 55. Bh4 Qe8# 0-1

[Event "*** Titled Tuesday Blitz"]
[Site "Chess.com"]
[Date "2019.03.05"]
[Round "4"]
[White "MishkaFighter"]
[Black "Supernotar"]
[Result "0-1"]
[WhiteElo "2312"]
[BlackElo "2535"]
[TimeControl "180+2"]
[EndTime "13:56:07 PST"]
[Termination "Supernotar won by resignation"]

1. Nf3 c5 2. g3 Nc6 3. Bg2 g6 4. O-O Bg7 5. c4 e6 6. Nc3 Nge7 7. d4 cxd4 8. Nb5 d5 9. cxd5 Nxd5 10. Nbxd4 Nxd4 11. Nxd4 O-O 12. e4 Nb6 13. Nb5 Bd7 14. Qb3 Bc6 15. Rd1 Qe7 16. Bd2 Qc5 17. Nxa7 Ba4 18. Rdc1 Bxb3 19. Rxc5 Rxa7 20. Rb5 Nc4 21. Bb4 Rc8 22.
Rc1 Bxb2 23. axb3 Bxc1 24. bxc4 Rxc4 25. Bd6 Ba3 26. Bf1 Rxe4 27. Bb8 Ra8 28. Bf4 Rb4 29. Rc5 Rxf4 30. Ra5 Rxa5 0-1

[Event "*** Titled Tuesday Blitz"]
[Site "Chess.com"]
[Date "2019.03.05"]
[Round "4"]
[White "IIIlllII1llIl"]
[Black "sergoy"]
[Result "1-0"]
[WhiteElo "2588"]
[BlackElo "2815"]
[TimeControl "180+2"]
[EndTime "13:56:08 PST"]
[Termination "IIIlllII1llIl won by resignation"]

1. e4 c5 2. c3 Nf6 3. e5 Nd5 4. Nf3 e6 5. d4 cxd4 6. cxd4 d6 7. Bc4 Nc6 8. O-O Be7 9. Qe2 Qc7 10. Re1 O-O 11.
Qe4 Bd7 12. Na3 Ncb4 13. Bd2 Qb6 14. Bb3 Qa6 15. Nc4 dxe5 16. Ncxe5 Ba4 17. a3 Bxb3 18. axb4 Qb6 19. Ra3 Nf6 20. Qh4 Bd5 21. Ng5 h6 22.
Rg3 Nh7 23. Ngxf7 Rxf7 24. Qg4 Bf6 25. Nxf7 Kxf7 26. Bxh6 Qxd4 27. Qg6+ Kg8 28. Be3 Qxb4 29. Rc1 Qe4 30. Qh5 Bxb2 31. Rc7 Be5 32. Rgxg7+ Bxg7 33. Qf7+ 1-0

[Event "*** Titled Tuesday Blitz"]
[Site "Chess.com"]
[Date "2019.03.05"]
[Round "4"]
[White "Genghis_K"]
[Black "gmjoey1"]
[Result "1-0"]
[WhiteElo "2845"]
[BlackElo "2719"]
[TimeControl "180+2"]
[EndTime "13:56:11 PST"]
[Termination "Genghis_K won by resignation"]

1. d4 Nf6 2. Bf4 e6 3. e3 b6 4.
Nf3 Bb7 5. Nbd2 h6 6. h3 Bd6 7. Ne5 O-O 8. Bd3 Nc6 9. c3 Nd5 10. Bh2 f5 11. O-O Nxe5 12. dxe5 Bc5 13. Nb3 Qg5 14. Qf3 Bc6 15. Qg3 Be7 16. Nd4 Bb7 17. Rfe1 a6 18. Rad1 Qh5 19. Be2 Qf7 20. Bf3 g5 21. c4 c5 22. cxd5 Qg6 23. dxe6 f4 24. exf4 Bxf3 25. Nxf3 Rxf4 26. exd7 Raf8 27. e6 c4 28. Ne5 Qxe6 29. Qe3 Rxf2 30. Qxf2 Rxf2 31. Kxf2 Bc5+ 32. Kf1 Qf5+ 33. Nf3 Qc2 34. d8=Q+ Kh7 35. Qd7+ Kg6 36. Ne5+ 1-0

[Event "*** Titled Tuesday Blitz"]
[Site "Chess.com"]
[Date "2019.03.05"]
[Round "4"]
[White "NM2019"]
[Black "SimonKnightRivendell"]
[Result "1-0"]
[WhiteElo "2087"]
[BlackElo "2015"]
[TimeControl "180+2"]
[EndTime "13:56:12 PST"]
[Termination "NM2019 won by resignation"]

1. e4 c6 2. d4 d5 3. Nd2 dxe4 4. Nxe4 Bf5 5. Ng3 Bg6 6. f4 e6 7. Nf3 Nf6 8. h4 Ne4 9. Nxe4 Bxe4 10. Ng5 Bf5 11.
g4 h6 12. Nxf7 Kxf7 13. gxf5 exf5 14. Bc4+ Ke8 15. Qh5+ Kd7 16. Qxf5+ Kc7 17. Qe5+ Bd6 18. Qxg7+ Nd7 19. Be6 Re8 20. f5 Qf6 21. Qxf6 Nxf6 22. Bxh6 Ng4 23. Bg5 Bg3+ 24. Ke2 Bd6 25. Rag1 Nh2 26.
Rg2 c5 27. dxc5 Be5 28. Rgxh2 Bxh2 29. Rxh2 Kc6 30. b4 Kb5 31. a3 a5 32. c4+ Ka4 33. Kd3 Kxa3 34. b5 Kb3 35. c6 bxc6 36. c5+ Kb4 37. bxc6 Kxc5 38. c7 Rxe6 39. fxe6 Kd6 40. Re2 a4 41. e7 a3 42. e8=Q Rxe8 43. Rxe8 a2 44. Ra8 Kxc7 45. Rxa2 Kd6 46. h5 Ke6 47. h6 Kf7 48. Rh2 Kg8 49. h7+ Kf7 50. h8=Q 1-0

[Event "*** Titled Tuesday Blitz"]
[Site "Chess.com"]
[Date "2019.03.05"]
[Round "4"]
[White "bluejay1897"]
[Black "King_of_the_wing"]
[Result "1-0"]
[WhiteElo "2151"]
[BlackElo "2150"]
[TimeControl "180+2"]
[EndTime "13:56:13 PST"]
[Termination "bluejay1897 won on time"]

1. Nf3 Nf6 2. g3 c5 3. Bg2 Nc6 4. O-O e6 5. c4 d5 6. cxd5 exd5 7. d4 c4 8. Nc3 Bb4 9. Ne5 O-O 10. Bg5 Be6 11.
Nxc6 bxc6 12. Qa4 Bxc3 13. bxc3 Qd7 14. Bxf6 gxf6 15. e4 dxe4 16. Bxe4 Bd5 17. Rfe1 Rfe8 18. Qc2 h6 19. Bf5 Qd6 20. Qd2 Kg7 21. h4 c5 22.
dxc5 Qxc5 23. Qf4 Bc6 24. Qg4+ Kh8 25. Qh5 Kg7 26. Qg4+ Kh8 27. Qf4 Kg7 28. Be4 Bxe4 29. Rxe4 Rxe4 30. Qxe4 Rd8 31. Re1 Rd2 32. Qg4+ Kh7 33.
Qf4 Rxa2 34. Qxf6 Qd5 35. Kh2 Rd2 36. Re7 Rd1 37. Rxf7+ 1-0

[Event "*** Titled Tuesday Blitz"]
[Site "Chess.com"]
[Date "2019.03.05"]
[Round "4"]
[White "DrMelekess"]
[Black "Off-War"]
[Result "0-1"]
[WhiteElo "2694"]
[BlackElo "2529"]
[TimeControl "180+2"]
[EndTime "13:56:17 PST"]
[Termination "Off-War won by resignation"]

1. d4 e6 2. Nf3 Nf6 3. c4 Bb4+ 4. Bd2 a5 5. e3 d5 6. Nc3 O-O 7. Be2 c5 8. a3 Bxc3 9. Bxc3 b6 10. dxc5 bxc5 11. O-O Ne4 12. Rc1 Ba6 13. Qc2 Ra7 14.
Rfd1 Rd7 15. Be1 Nc6 16. cxd5 Bxe2 17. Qxe2 Rxd5 18. Rxd5 exd5 19. Qb5 Qa8 20. Qd3 Rd8 21. Rc2 h6 22. h3 a4 23. Nd2 Nxd2 24. Bxd2 Ne5 25.
Qf5 Nc4 26. Bc3 Qc6 27. Qg4 Qg6 28. Qxg6 fxg6 29. Kf1 Kf7 30. Rc1 g5 31. Ke2 g6 32.
Rd1 Ke6 33. Rc1 Rc8 34. Rc2 Re8 35. Rc1 Rb8 36. Rc2 Rb7 37. Kd3 Nd6 38. Ke2 Ne4 39. Be1 c4 40. f3 Nc5 41. Bb4 Nd3 42. Bc3 Rb3 43. e4 Nf4+ 44. Ke3 0-1

[Event "*** Titled Tuesday Blitz"]
[Site "Chess.com"]
[Date "2019.03.05"]
[Round "4"]
[White "Vamostodorecto"]
[Black "Grieve72"]
[Result "1-0"]
[WhiteElo "2524"]
[BlackElo "2351"]
[TimeControl "180+2"]
[EndTime "13:56:17 PST"]
[Termination "Vamostodorecto won by resignation"]

1. d4 g6 2. c4 Bg7 3. e4 Nc6 4. Nf3 e5 5. d5 Nd4 6. Nc3 c5 7. Nxd4 exd4 8. Nb5 d6 9. Bf4 Be5 10. Bxe5 dxe5 11. d6 Kf8 12. b4 b6 13. Qb3 Bd7 14. bxc5 bxc5 15. Rc1 Nf6 16. Qa3 Bxb5 17. cxb5 Nxe4 18. Bd3 Nxd6 19. Rxc5 Kg7 20. Rd5 Rc8 21. Rxd6 Qg5 22. O-O Rc3 23. Qxa7 Rxd3 24. Rd7 Rf8 25. b6 e4 26. b7 Qf4 27. Rxd4 Rxd4 28. Qxd4+ Qf6 29.
Qxf6+ Kxf6 30. Rb1 Rb8 31. a4 Ke5 32. a5 Kd6 33. a6 Kc7 34. a7 Rxb7 35. Rc1+ 1-0